 Dungeon Crawl Stone Soup version 0.19.5 (webtiles) character file.

12385 JeffiDaFish the Destroyer (level 11, 0/74 HPs)
             Began as a Mottled Draconian Fire Elementalist on Mar 19, 2018.
             Was a Believer of Vehumet.
             Slain by a porcupine (8 damage)
             ... on level 3 of the Lair of Beasts on Mar 21, 2018.
             The game lasted 00:43:43 (14497 turns).

JeffiDaFish the Destroyer (DrFE)                   Turns: 14497, Time: 00:43:43

Health: 0/74       AC: 14    Str: 10    XL:     11   Next: 61%
Magic:  3/25       EV: 11    Int: 25    God:    Vehumet [**....]
Gold:   314        SH:  6    Dex: 12    Spells: 4 memorised, 18 levels left

rFire  . . .     SeeInvis .     u - staff of conjuration
rCold  + . .     Gourm    .     (armour unavailable)
rNeg   . . .     Faith    .     q - +2 buckler {rC+}
rPois  .         Spirit   .     G - +2 hat
rElec  .         Reflect  .     x - +1 cloak
rCorr  .         Harm     .     h - +2 pair of gloves
MR     .....     Rnd*Rage +     (no boots)
Stlth  +.........               c - amulet of magic regeneration
                                o - +5 ring of slaying
                                w - +4 ring of intelligence

@: heavily drained
A: breathe sticky flame splash, unfitting armour, berserk 1, clever 1,
cold-blooded, AC +7
a: Breathe Sticky Flame, Renounce Religion


You were on level 3 of the Lair of Beasts.
You worshipped Vehumet.
Vehumet was pleased with you.
You were not hungry.

You visited 3 branches of the dungeon, and saw 15 of its levels.

You collected 671 gold pieces.
You spent 357 gold pieces at shops.

Inventory:

Hand Weapons
 E - a +2 scimitar of flaming
Armour
 h - a +2 pair of gloves (worn)
 q - a +2 buckler of cold resistance (worn)
 x - a +1 cloak (worn)
 G - a +2 hat (worn)
Magical Staves
 u - an uncursed staff of conjuration (weapon)
Jewellery
 c - an amulet of magic regeneration (around neck)
 o - a +5 ring of slaying (right hand)
 w - a +4 ring of intelligence (left hand)
Wands
 p - a wand of teleportation (0/9)
 y - a wand of paralysis (8/24)
Scrolls
 e - a scroll of identify
 k - 8 scrolls of remove curse
 l - 4 scrolls of amnesia
 m - 5 scrolls of magic mapping
 n - 7 scrolls of teleportation
Potions
 i - a potion of might
 r - 3 potions of curing
 D - a potion of brilliance
 F - a potion of invisibility
Books
 a - a book of Flames

   Spells                             Type                      Level
   a - Flame Tongue                   Conjuration/Fire             1
   b - Throw Flame                    Conjuration/Fire             2
   c - Conjure Flame                  Conjuration/Fire             3
   d - Inner Flame                    Hexes/Fire                   3
   e - Sticky Flame                   Conjuration/Fire             4
   f - Fireball                       Conjuration/Fire             5
 C - a book of Frost

   Spells                             Type                      Level
   a - Freeze                         Ice                          1
   b - Throw Frost                    Conjuration/Ice              2
   c - Ozocubu's Armour               Charms/Ice                   3
   d - Throw Icicle                   Conjuration/Ice              4
   e - Summon Ice Beast               Ice/Summoning                4
Comestibles
 b - 6 bread rations
 d - 8 fruits
 f - 8 meat rations
 g - 2 slices of pizza
 j - 2 chunks of flesh
 v - a beef jerky
 z - 8 royal jellies


   Skills:
 - Level 1.7(0.0) Dodging
 - Level 1.7(0.0) Stealth
 - Level 4.6(2.4) Shields
 * Level 10.9(8.4) Spellcasting
 * Level 11.4(8.9) Conjurations
 + Level 9.1(6.7) Fire Magic


You had 18 spell levels left.
You knew the following spells:

 Your Spells              Type           Power        Failure   Level  Hunger
a - Flame Tongue          Conj/Fire      #####        1%          1    None
b - Conjure Flame         Conj/Fire      ######..     1%          3    None
c - Sticky Flame          Conj/Fire      ######..     3%          4    ##.....
d - Fireball              Conj/Fire      ######....   10%         5    ####...


Dungeon Overview and Level Annotations

Branches:
Dungeon (11/15)            Temple (1/1) D:6            Lair (3/6) D:8
    Orc (0/2) D:9
  Swamp: Lair:2-4    Shoals: Lair:2-4     Snake: Lair:2-4    Spider: Lair:2-4

Altars:
Ashenzari
Cheibriados
Dithmenos
Elyvilon
Fedhas
Gozag
Hepliaklqana
Kikubaaqudgha
Makhleb
Nemelex Xobeh
Okawaru
Qazlal
Ru
Sif Muna
Trog
Uskayaw
Vehumet
Xom
Yredelemnul
Zin
The Shining One
Lugonu

Shops:
D:8 [

Annotations:
Lair:3 Nergalle, Rupert


Innate Abilities, Weirdness & Mutations

You can spit globs of burning liquid.
You can ignite nearby creatures when you spit burning liquid.
Your weird mottled scales are hard. (AC +7)
You cannot fit into any form of body armour.
You are cold-blooded and may be slowed by cold attacks.
You tend to lose your temper in combat.
Your mind is acute. (Int +2)


Message History

The spectral orc hits you but does no damage.
The spectral orc knight hits you with an enchanted broad axe!
* * * LOW HITPOINT WARNING * * *
The spectral orc warrior barely misses you.
Casting: Flame Tongue
Confirm with . or Enter, or press ? or * to list all spells.
Aiming: Flame Tongue
Press: ? - help, Shift-Dir - straight line, f/p - Nergalle
Aim: Nergalle, wielding a dagger and wearing a runed robe (severely wounded)
You feel a surge of power!
The flame tongue hits Nergalle.
Nergalle resists.
Nergalle is almost dead.
Your surroundings suddenly seem different.
Found a scroll of teleportation.
A porcupine comes into view.
Found 2 scrolls of identify and 19 gold pieces.
The porcupine bites you.
* * * LOW HITPOINT WARNING * * *
A porcupine comes into view.
The porcupine bites you!
You die...

#...... .......
#...... #......
###......#
#.#......##
#.......r##
#.......@.#####.
.
#.......r.......
..
##............$.
...
#....?........?.
...
#...............
...
##..............
...
#..............
...
###P####.####..
... ## ## .# ...


You could see 2 porcupines.

Vanquished Creatures
  5 hydras
  Erica (Lair:2)
  Maurice (D:8)
  A black mamba (Lair:3)
  A spiny frog (Lair:1)
  2 komodo dragons
  2 trolls
  A hornet (D:9)
  A hippogriff (D:11)
  A basilisk (Lair:2)
  A wyvern (Lair:3)
  7 water moccasins
  6 porcupines
  An ice beast (D:10)
  2 sky beasts
  2 orc warriors (D:9)
  A phantom (D:11)
  2 black bears
  2 necrophages
  The ghost of RAFPengwerner the Sneak, an amateur NaEn (D:3)
  9 ogres
  3 centaurs
  4 crocodiles
  A big kobold (D:8)
  9 bullfrogs
  A wyvern skeleton (D:6)
  A scorpion (D:7)
  2 crimson imps
  A centaur zombie (D:5)
  A bullfrog zombie (D:8)
  3 orc priests
  7 hounds
  6 jellies
  2 centaur skeletons
  2 bullfrog skeletons
  Jessica (D:3)
  4 iguanas
  Terence (D:3)
  7 orc wizards
  A worker ant (D:6)
  A hound zombie (D:6)
  9 adders
  9 oozes
  An adder skeleton (D:9)
  6 worms
  3 dart slugs
  8 leopard geckos
  44 orcs
  3 ball pythons
  17 bats
  9 giant cockroaches
  9 goblins
  12 hobgoblins
  22 jackals
  3 quokkas
  2 frilled lizards (D:1)
  A jackal skeleton (D:5)
  16 kobolds
  A quokka skeleton (D:6)
  A quokka zombie (D:6)
  8 rats
  A fungus (D:8)
  A plant (D:5)
294 creatures vanquished.

Vanquished Creatures (others)
  5 fungi
  2 plants (Lair:2)
7 creatures vanquished.

Grand Total: 301 creatures vanquished

Notes
Turn   | Place    | Note
-------+----------+-------------------------------------------
     0 | D:1      | JeffiDaFish the Draconian Fire Elementalist began the quest for the Orb.
     0 | D:1      | Reached XP level 1. HP: 14/14 MP: 3/3
   222 | D:1      | Reached XP level 2. HP: 12/20 MP: 0/5
   586 | D:1      | Reached skill level 2 in Conjurations
   586 | D:1      | Reached XP level 3. HP: 25/26 MP: 2/6
  1515 | D:2      | Learned a level 3 spell: Conjure Flame
  1634 | D:2      | Reached XP level 4. HP: 33/33 MP: 4/8
  2021 | D:2      | Gained mutation: You are robust. (+10% HP) [potion of mutation]
  2021 | D:2      | Gained mutation: You possess an exceptional clarity of mind. [potion of mutation]
  2021 | D:2      | Gained mutation: You are agile. (Dex +2) [potion of mutation]
  2244 | D:2      | Learned a level 4 spell: Sticky Flame
  2575 | D:3      | Reached skill level 3 in Conjurations
  2617 | D:3      | Noticed RAFPengwerner's ghost (amateur NaEn)
  2743 | D:3      | Killed RAFPengwerner's ghost
  2743 | D:3      | Reached XP level 5. HP: 17/41 MP: 0/10
  2961 | D:3      | Noticed Terence
  2971 | D:3      | Killed Terence
  2972 | D:3      | Found a burning altar of Makhleb.
  2972 | D:3      | Noticed a balrug
  2978 | D:3      | Noticed a hellwing
  2978 | D:3      | Noticed a hellwing
  3264 | D:3      | Noticed Jessica
  3271 | D:3      | Killed Jessica
  3271 | D:3      | Reached skill level 4 in Conjurations
  3271 | D:3      | Reached XP level 6. HP: 49/49 MP: 6/12
  3668 | D:3      | Lost mutation: You are robust. (+10% HP) [potion of cure mutation]
  3668 | D:3      | Lost mutation: You are agile. (Dex +2) [potion of cure mutation]
  3668 | D:3      | Lost mutation: You possess an exceptional clarity of mind. [potion of cure mutation]
  3748 | D:3      | Found a snail-covered altar of Cheibriados.
  3748 | D:3      | Found a deep blue altar of Sif Muna.
  4473 | D:4      | Your scales start taking on a weird mottled colour.
  4473 | D:4      | Reached XP level 7. HP: 23/50 MP: 6/14
  4720 | D:4      | Reached skill level 1 in Shields
  4907 | D:4      | Reached skill level 5 in Spellcasting
  4910 | D:4      | Reached skill level 5 in Conjurations
  5362 | D:5      | Entered Level 5 of the Dungeon
  5375 | D:5      | Reached skill level 5 in Fire Magic
  5439 | D:5      | Gained mutation: Your mind is acute. (Int +2) [potion of beneficial mutation]
  5686 | D:5      | Reached XP level 8. HP: 57/57 MP: 11/16
  5817 | D:5      | Reached skill level 6 in Conjurations
  6064 | D:5      | Found a glowing silver altar of Zin.
  6553 | D:6      | Found a staircase to the Ecumenical Temple.
  6563 | Temple   | Entered the Ecumenical Temple
  6906 | D:6      | Identified the +1 rapier of Wisdom {drain, *Slow +Rage rElec rC+} (You found it on level 6 of the Dungeon)
  7591 | D:7      | Reached skill level 7 in Conjurations
  7963 | D:7      | Found a burning altar of Makhleb.
  7964 | D:7      | Found a shimmering altar of Xom.
  7983 | D:7      | Paralysed by a crimson imp for 6 turns
  8198 | D:7      | Gained mutation: You tend to lose your temper in combat. [mutagenic glow]
  8321 | D:7      | Learned a level 5 spell: Fireball
  8563 | D:8      | Noticed Maurice
  8607 | D:8      | Reached XP level 9. HP: 62/62 MP: 8/19
  8825 | D:8      | Found Wowk's Antique Armour Shoppe.
  8876 | D:8      | You fall through a shaft for 3 floors!
  8876 | D:11     | Noticed a troll
  8892 | D:11     | Killed a troll
  9306 | D:11     | Noticed a troll
  9322 | D:10     | Entered Level 10 of the Dungeon
  9361 | D:10     | Reached skill level 8 in Conjurations
  9391 | D:10     | Noticed a troll
  9404 | D:10     | Killed a troll
  9531 | D:8      | Killed Maurice
  9714 | D:8      | Bought a glowing cloak for 357 gold pieces
  9764 | D:8      | Found a staircase to the Lair.
  9861 | D:8      | Found an iron altar of Okawaru.
  9861 | D:8      | Found a white marble altar of Elyvilon.
  9861 | D:8      | Found a shattered altar of Ashenzari.
  9861 | D:8      | Found an opulent altar of Gozag.
  9862 | D:8      | Found a radiant altar of Vehumet.
  9862 | D:8      | Found a stormy altar of Qazlal.
  9862 | D:8      | Found a bloodstained altar of Trog.
  9862 | D:8      | Found an ancient bone altar of Kikubaaqudgha.
 10129 | D:8      | Became a worshipper of Vehumet
 10149 | D:8      | Reached XP level 10. HP: 68/68 MP: 11/22
 10353 | D:8      | Reached skill level 9 in Conjurations
 10548 | D:9      | Found a staircase to the Orcish Mines.
 10837 | D:9      | Found a hide-covered altar of Uskayaw.
 11344 | Lair:1   | Entered Level 1 of the Lair of Beasts
 11347 | Lair:1   | Reached * piety under Vehumet
 11347 | Lair:1   | Offered knowledge of Sting by Vehumet.
 11394 | Lair:1   | Noticed a spiny frog
 11402 | Lair:1   | Killed a spiny frog
 11661 | Lair:1   | Noticed a seven-headed hydra
 11668 | Lair:1   | Killed a seven-headed hydra
 12051 | Lair:1   | Reached skill level 10 in Conjurations
 12293 | Lair:1   | Noticed a six-headed hydra
 12300 | Lair:1   | Killed a six-headed hydra
 12640 | Lair:1   | Reached XP level 11. HP: 66/73 MP: 18/24
 12657 | Lair:1   | Noticed a four-headed hydra
 12665 | Lair:1   | Killed a four-headed hydra
 12665 | Lair:1   | Reached skill level 10 in Spellcasting
 13508 | Lair:2   | Noticed Erica
 13512 | Lair:2   | Killed Erica
 13512 | Lair:2   | Reached ** piety under Vehumet
 13512 | Lair:2   | Reached skill level 11 in Conjurations
 13890 | Lair:3   | Noticed a six-headed hydra
 13893 | Lair:3   | Offered knowledge of Searing Ray by Vehumet.
 13907 | Lair:3   | Killed a six-headed hydra
 14116 | Lair:3   | Noticed Rupert
 14117 | Lair:3   | Noticed a seven-headed hydra
 14120 | Lair:3   | Killed a seven-headed hydra
 14459 | Lair:3   | Noticed Nergalle
 14497 | Lair:3   | Slain by a porcupine

Skill      XL: |  1  2  3  4  5  6  7  8  9 10 11 |
---------------+----------------------------------+-----
Conjurations   | 2 3 4 5 7 8 10 11 | 11.4
Spellcasting   | 3 4 5 6 8 9 10 | 10.9
Fire Magic     | 4 5 6 8 9 |  9.1
Shields        | 2 3 4 |  4.6
Dodging        | |  1.7
Stealth        | |  1.7

Action                   |  1- 3 |  4- 6 |  7- 9 | 10-12 || total
-------------------------+-------+-------+-------+-------++-------
Melee: Unarmed           |     4 |       |       |       ||     4
       Dagger            |    34 |       |       |       ||    34
       Tailslap          |     8 |    17 |    36 |     3 ||    64
       Short sword       |     9 |    39 |       |       ||    48
       Falchion          |       |    62 |   228 |       ||   290
       Staff             |       |       |    45 |    25 ||    70
 Cast: Flame Tongue      |    47 |   119 |   136 |   163 ||   465
       Conjure Flame     |       |     4 |     4 |     1 ||     9
       Sticky Flame      |       |     5 |    38 |    44 ||    87
       Fireball          |       |       |     2 |    19 ||    21
 Abil: Breathe Sticky Fl |       |       |     1 |     1 ||     2
Evoke: Wand              |       |       |     1 |     2 ||     3
  Use: Scroll            |     7 |     7 |     8 |     8 ||    30
       Potion            |     2 |     3 |     8 |     3 ||    16
 Stab: Sleeping          |     1 |     3 |     2 |       ||     6
       Distracted        |       |     1 |       |       ||     1
  Eat: Chunk             |     3 |    10 |    18 |    13 ||    44
       Royal jelly       |       |       |     2 |     2 ||     4
       Beef jerky        |       |       |       |     1 ||     1
Armor: Skin              |    25 |    54 |   140 |    91 ||   310
Dodge: Dodged            |    40 |    90 |   222 |    91 ||   443
Block: Buckler           |       |       |     4 |    71 ||    75
       Rpst.: Falchion   |       |    22 |    58 |       ||    80
